 Dungeon Crawl Stone Soup version 0.13-a0-2899-gc7fce8a (webtiles) character file.

1215 Gruud the Basher (level 7, -9/58 HPs)
             Began as a Djinni Fighter on Aug 30, 2013.
             Killed from afar by an electric eel (12 damage)
             ... with a bolt of electricity
             ... on Level 6 of the Dungeon.
             The game lasted 00:26:00 (5085 turns).

Gruud the Basher (Djinni Fighter)                   Turns: 5085, Time: 00:26:01

HP  -9/58        AC  8     Str 16      XL: 7   Next: 91%
MP   0/0         EV  7     Int 11      God:
Gold 256         SH 17     Dex 12      Spells:  1 memorised,  4 levels left

Res.Fire  : + + +   See Invis. : .   a - +3,+1 whip (venom)
Res.Cold  : x . .   Warding    : .   k - +3 ring mail {rPois}
Life Prot.: + + +   Conserve   : .   c - +0 shield
Res.Poison: +       Res.Corr.  : .   (no helmet)
Res.Elec. : .       Clarity    : .   (no cloak)
Sust.Abil.: . .     Spirit.Shd : .   (no gloves)
Res.Mut.  : .       Stasis     : .   (boots unavailable)
Res.Rott. : .       Flight     : .   d - amulet of rage
Saprovore : . . .                    (no ring)
                                     r - ring of teleport control

@: slightly resistant to hostile enchantments, extremely unstealthy
A: fire immunity, cold vulnerability, life protection 3
a: Evoke Berserk Rage, Evoke Teleport Control


You were on level 6 of the Dungeon.
You were not hungry.

You visited 2 branches of the dungeon, and saw 7 of its levels.

You collected 236 gold pieces.

Inventory:

Hand weapons
 a - a +3,+1 whip of venom (weapon)
 e - a +3,+0 whip
 h - a -1 orcish blowgun
 n - a +0,+0 mace
Missiles
 p - 19 poisoned needles
 s - 3 javelins (quivered)
 z - 2 throwing nets
Armour
 c - a +0 shield (worn)
 k - a +3 ring mail of poison resistance (worn)
Magical devices
 i - a wand of fire (3)
 l - a wand of flame (17)
 y - a wand of disintegration (16)
Scrolls
 m - 2 scrolls of remove curse {unknown}
 q - 2 scrolls of blinking
 w - a scroll of fog {unknown}
 x - a scroll of magic mapping {unknown}
Jewellery
 d - an amulet of rage (around neck)
 r - a ring of teleport control (left hand)
Potions
 f - 2 potions of agility
 g - 4 potions of curing
 j - 2 potions of might
 o - a potion of heal wounds {unknown}
 u - a potion of poison {unknown}
 v - a potion of magic {unknown}
Books
 b - a book of Burglary

   Spells                             Type                      Level
   Apportation                        Translocation                1
   *Swiftness                         Charms/Air                   2
   Passwall                           Transmutation/Earth          3
   Passage of Golubria                Translocation                4
   Lee's Rapid Deconstruction         Earth                        5
   Darkness                           Hexes                        7
 t - a book of Annihilations {highlevel}

   This book is beyond your current level of understanding.

   Spells                             Type                      Level
   Poison Arrow                       Conjuration/Poison           6
   Orb of Destruction                 Conjuration                  7
   Chain Lightning                    Conjuration/Air              8
   Lehudib's Crystal Spear            Conjuration/Earth            8
   Ice Storm                          Conjuration/Ice              9
   Fire Storm                         Conjuration/Fire             9


   Skills:
 - Level 2.6 Fighting
 * Level 8.2 Maces & Flails
 - Level 3.2 Armour
 - Level 3.0 Shields
 + Level 5.0 Evocations


You had 4 spell levels left.
You knew the following spells:

 Your Spells              Type           Power        Failure   Level  Hunger
a - Swiftness             Chrm/Air       #.........   100%        2    ###....


Dungeon Overview and Level Annotations

Branches:
Dungeon (6/27)             Temple (1/1) D:4
    Orc: D:6-11

Altars:
Ashenzari
Cheibriados
Elyvilon
Fedhas
Makhleb
Nemelex Xobeh
Okawaru
Sif Muna
Trog
Vehumet
Xom
Yredelemnul
the Shining One

Shops:
D:4 }   D:5 ?

Annotations:
D:3 Sigmund; ilii's ghost, average OpWz


Innate Abilities, Weirdness & Mutations

You are immune to all types of fire, even holy and hellish.
You are vulnerable to cold.
You need no food.
You have no legs.
You are immune to negative energy.


Message History

The jellyfish quivers.
The electric eel shoots out a bolt of electricity!
The bolt of electricity hits the plant.
The bolt of electricity hits you! The bolt of electricity hits you!
You see here 8 stones.
The electric eel shoots out a bolt of electricity!
The bolt of electricity hits the plant.
The bolt of electricity hits you! You block the big fish's attack.
The electric eel shoots out a bolt of electricity!
The bolt of electricity hits you!
* * * LOW HITPOINT WARNING * * *
The bolt of electricity hits the electric eel.
You hit the electric eel.
The electric eel is moderately wounded.
You block the big fish's attack.
The electric eel shoots out a bolt of electricity!
The bolt of electricity hits you!
* * * LOW HITPOINT WARNING * * *
The bolt of electricity hits you!
You die...

≈≈≈ PP≈≈≈≈≈≈≈ ♣≈≈≈P≈≈≈≈≈≈ #####
###.P≈P≈≈≈≈≈≈≈≈ .)..#
#...≈≈≈≈PJ≈≈≈≈P.
###.#####...≈≈≈P≈≈P≈≈≈P..
...#.r......≈)≈≈PP≈≈≈≈P# ###.#
#...≈PP;;≈≈≈≈≈P# #
..#.#####...≈.PP@.PPP≈≈#.#
#)#......................#
#.#.#####.<)...(.........#
......###.)....####......#
#.#..............)..#######
#.#..####...#..####.#≈♣♣≈P#
..#....%....#..###..♣≈≈≈≈≈♣
.......)....#..##..≈≈≈≈≈≈P♣♣♣♣
####.####.###..##..≈≈≈≈≈P≈≈≈P≈≈


You could see a big fish, a jellyfish and an electric eel.

Vanquished Creatures
  An ice beast (D:6)
  A sky beast (D:5)
  A giant goldfish (D:6)
  Blork the orc (D:4)
  An electric eel (D:6)
  3 crimson imps
  A hound (D:6)
  A big fish (D:6)
  3 orc wizards
  A scorpion (D:4)
  3 worker ants
  7 gnolls
  5 adders
  A giant mite (D:6)
  3 worms
  3 giant geckos
  An ooze (D:2)
  11 orcs
  13 bats
  6 giant cockroaches
  6 goblins
  13 hobgoblins
  6 quokkas
  4 giant newts
  A giant newt skeleton (D:4)
  6 jackals
  11 kobolds
  A quokka skeleton (D:4)
  8 rats
123 creatures vanquished.

Vanquished Creatures (others)
  A goblin (D:6)
1 creature vanquished.

Grand Total: 124 creatures vanquished

Notes
Turn   | Place    | Note
--------------------------------------------------------------
     0 | D:1      | Gruud, the Djinni Fighter, began the quest for the Orb.
     0 | D:1      | Reached XP level 1. HP: 16/16 MP: 0/0
   198 | D:1      | Reached XP level 2. EP: 11/22
   915 | D:2      | Reached XP level 3. EP: 19/28
  1093 | D:2      | Learned a level 2 spell: Swiftness
  1204 | D:2      | Reached skill level 4 in Maces & Flails
  1644 | D:3      | Reached XP level 4. EP: 35/35
  1685 | D:3      | Noticed ilii's ghost (average OpWz)
  1786 | D:3      | Noticed Sigmund
  1933 | D:4      | Reached skill level 5 in Maces & Flails
  1943 | D:4      | Reached XP level 5. EP: 28/40
  2010 | D:4      | Found a staircase to the Ecumenical Temple.
  2016 | Temple   | Entered the Ecumenical Temple
  2265 | D:4      | Found Skeuwet's Gadget Shoppe.
  2296 | D:4      | Noticed Blork the orc
  2326 | D:4      | Killed Blork the orc
  2326 | D:4      | Reached skill level 1 in Evocations
  2479 | D:4      | Reached skill level 6 in Maces & Flails
  2613 | D:4      | Reached XP level 6. EP: 49/49
  2872 | D:4      | Found a shattered altar of Ashenzari.
  3026 | D:5      | Entered Level 5 of the Dungeon
  3259 | D:5      | Found Nioch's Magic Scroll Shop.
  3369 | D:5      | Reached skill level 7 in Maces & Flails
  3437 | D:5      | Found a deep blue altar of Sif Muna.
  3454 | D:5      | Reached XP level 7. EP: 42/56
  4216 | D:6      | Got a heavily jewelled robe
  4243 | D:6      | Identified the -1 robe of Zomuonn {rElec rN+ Curse} (You found it on level 6 of the Dungeon)
  4661 | D:6      | Reached skill level 8 in Maces & Flails
  4987 | D:6      | Reached skill level 5 in Evocations
  5085 | D:6      | Killed from afar by an electric eel

Action                   |  1- 3 |  4- 6 |  7- 9 || total
-------------------------+-------+-------+-------++-------
Melee: Whip              |   212 |   221 |   193 ||   626
       Mace              |    13 |       |       ||    13
Throw: Javelin           |       |    16 |       ||    16
 Abil: Evoke Berserk Rag |       |     1 |       ||     1
Evoke: Wand              |       |       |     5 ||     5
  Use: Scroll            |     3 |     8 |     4 ||    15
       Potion            |       |     1 |       ||     1
